 Dungeon Crawl Stone Soup version 0.20.0-15-g7f486f2 (webtiles) character file.

168 Gorglomux the Skirmisher (level 5, -3/48 HPs)
             Began as a Ghoul Monk on June 9, 2017.
             Was a Follower of Ru.
             Slain by an ogre
             ... wielding a +0 giant club
              (12 damage)
             ... on level 4 of the Dungeon.
             The game lasted 00:03:26 (2397 turns).

Gorglomux the Skirmisher (Ghoul Monk)               Turns: 2397, Time: 00:03:27

Health: -3/48      AC: 10    Str: 14 (15) XL:     5   Next: 49%
Magic:  4/4        EV:  4    Int:  4 (5)  God:    Ru [*.....]
Gold:   143        SH:  0    Dex: 12      Spells: 4/4 levels left

rFire    . . .     SeeInvis .     - Unarmed
rCold    + . .     Gourm    .   (no shield)
rNeg     + + +     Faith    .   H - +0 plate armour
rPois    ∞         Spirit   .   (no helmet)
rElec    .         Reflect  .   (no cloak)
rCorr    .         Harm     .   (no gloves)
MR       .....     Rnd*Tele +   (no boots)
Stlth    ..........             (no amulet)
Regen    0.0/turn               t - ring of teleportation (curse)
MPRegen  0.1/turn               (no ring)

@: rotting
A: rotting body, claws 1, carnivore 3, cold resistance 1, negative energy
resistance 3, inhibited regeneration, torment resistance, unbreathing, no charms
magic, no hexes magic, no poison magic
a: Renounce Religion


You were on level 4 of the Dungeon.
You worshipped Ru.
Ru was aware of your devotion.
You were not hungry.

You visited 1 branch of the dungeon, and saw 4 of its levels.

You collected 143 gold pieces.

Inventory:

Armour
 a - a +0 robe
 H - a +0 plate armour (worn)
Jewellery
 t - a cursed ring of teleportation (left claw)
Wands
 I - a wand of iceblast (4/15)
Scrolls
 F - a scroll of fog {unknown}
 J - 2 scrolls of identify {unknown}
 K - a scroll of enchant armour {unknown}
 L - a scroll of magic mapping {unknown}
 M - a scroll of blinking {unknown}
 N - a scroll of fear {unknown}
 R - 2 scrolls of remove curse {unknown}
 T - a scroll of teleportation {unknown}
Potions
 B - a potion of mutation {!q}
 D - a potion of invisibility {unknown}
 E - a potion of lignification
 G - 2 potions of flight {unknown}
 P - a potion of might {unknown}
 Q - a potion of haste {unknown}
 S - 2 potions of curing {unknown}
Comestibles
 z - 3 meat rations
 C - 4 chunks of flesh
 O - a royal jelly


   Skills:
 + Level 5.2 Fighting
 - Level 2.6 Dodging
 - Level 2.1 Stealth
 + Level 5.2 Unarmed Combat


You had 4 spell levels left.
You didn't know any spells.

Dungeon Overview and Level Annotations

Branches:
Dungeon (4/15)
 Temple: D:4-7

Altars:
Dithmenos
Makhleb
Nemelex Xobeh
Ru
Xom
Zin
The Shining One


Innate Abilities, Weirdness & Mutations

Your body is rotting away.
You thrive on raw meat.
You are immune to poison.
You have sharp fingernails.
You are carnivorous and can eat meat at any time.
Your flesh is cold resistant. (rC+)
You are immune to negative energy. (rN+++)
You do not regenerate when monsters are visible.
You are immune to unholy pain and torment.
You can survive without breathing.
You cannot study or cast Charms magic.
You cannot study or cast Hexes magic.
You cannot study or cast Poison magic.


Message History

You are too injured to fight recklessly!
You are too injured to fight recklessly!
You are too injured to fight recklessly!
An ogre is nearby!
You scratch the ogre but do no damage. The ogre hits you with a giant club!
There is an escape hatch in the ceiling here.
You can't go up here!
You see here a ring of teleportation.
You open the door.
There is an open door here.
It was a potion of mutation.
You feel extremely strange.
Your body decomposes!
You feel weakened.
Your body decomposes!
You feel dopey. The ogre hits you with a giant club!
* * * LOW HITPOINT WARNING * * *
It was a potion of lignification.
You feel woody for a moment. The ogre hits you with a giant club!
You die...

#.#.##.# #.<....#
###.#### ##+##
#.#### ##...##
#....# ##.....##
#####.# #.......##
##.###.#
.........####...##.#
.......=.'.....O@#.#
.........####...##<#
#.<.....## ##.###.#
##.....## #####.##
###...## #.#.# #
##'## #..## # #.#
#.## #.# #.# ##.##
#.#


You could see an ogre.

Vanquished Creatures
  Ijyb (D:3)
  5 adders
  5 worms
  A dart slug (D:3)
  3 leopard geckos
  5 orcs (D:3)
  5 bats
  A giant cockroach (D:3)
  9 goblins
  12 hobgoblins
  6 jackals (D:3)
  2 quokkas (D:3)
  A frilled lizard (D:3)
  6 kobolds
  12 rats
74 creatures vanquished.

Vanquished Creatures (others)
  A kobold (D:3)
1 creature vanquished.

Grand Total: 75 creatures vanquished

Notes
Turn   | Place    | Note
-------+----------+-------------------------------------------
     0 | D:1      | Gorglomux the Ghoul Monk began the quest for the Orb.
     0 | D:1      | Reached XP level 1. HP: 19/19 MP: 0/0
   139 | D:1      | Reached XP level 2. HP: 21/26 MP: 1/1
   161 | D:1      | Found a shimmering altar of Xom.
   919 | D:1      | Reached XP level 3. HP: 32/33 MP: 2/2
  1062 | D:2      | Found a sparkling altar of Nemelex Xobeh.
  1066 | D:2      | Found a sacrificial altar of Ru.
  1071 | D:2      | Found a shadowy altar of Dithmenos.
  1167 | D:2      | Became a worshipper of Ru the Awakened
  1178 | D:2      | Gained mutation: You cannot study or cast Poison magic. [Ru sacrifice]
  1178 | D:2      | Gained mutation: You cannot study or cast Hexes magic. [Ru sacrifice]
  1178 | D:2      | Gained mutation: You cannot study or cast Charms magic. [Ru sacrifice]
  1178 | D:2      | Reached * piety under Ru
  1246 | D:2      | Reached XP level 4. HP: 39/41 MP: 3/3
  1425 | D:2      | Found a glowing silver altar of Zin.
  1425 | D:2      | Found a glowing golden altar of the Shining One.
  1480 | D:2      | Found a shimmering altar of Xom.
  1490 | D:2      | Found a burning altar of Makhleb.
  1830 | D:3      | Noticed Ijyb
  1851 | D:3      | Killed Ijyb
  1851 | D:3      | Reached XP level 5. HP: 19/48 MP: 4/4
  2367 | D:4      | Noticed an ogre
  2397 | D:4      | Slain by an ogre

Skill      XL: |  1  2  3  4  5 |
---------------+----------------+-----
Fighting       | 4 5 |  5.2
Unarmed Combat | 4 5 |  5.2
Dodging        | |  2.6
Stealth        | |  2.1

Action                   |  1- 3 |  4- 6 || total
-------------------------+-------+-------++-------
Melee: Unarmed           |   108 |   186 ||   294
       Punch             |     1 |     2 ||     3
Invok: Sacrifice Arcana  |     1 |       ||     1
  Use: Potion            |       |     2 ||     2
 Stab: Sleeping          |     2 |       ||     2
  Eat: Chunk             |     4 |    12 ||    16
Armor: Robe              |    10 |       ||    10
       Plate armour      |     6 |   211 ||   217
Dodge: Dodged            |    62 |    52 ||   114
